 Dungeon Crawl Stone Soup version 0.31-a0-986-g5e6e4ef867 (webtiles) character file.

Game seed: 5089870991485885221

51 gelatine the Stinger (level 3, -4/26 HPs)
             Began as a Demonspawn Venom Mage on Nov 9, 2023.
             Slain by a goblin
             ... wielding a +0 club
             ... led by Robin
              (6 damage)
             ... on level 2 of the Dungeon.
             The game lasted 00:03:37 (1875 turns).

gelatine the Stinger (Demonspawn Venom Mage)        Turns: 1875, Time: 00:03:38

Health: -4/26      AC:  3    Str:  8    XL:     3   Next: 58%
Magic:  1/6        EV: 12    Int: 18    God:
Gold:   31         SH:  0    Dex: 13    Spells: 5/6 levels left

rFire   . . .        f - +0 short sword (freeze)
rCold   . . .        (no shield)
rNeg    . . .        a - +0 robe
rPois   .            (no helmet)
rElec   .            d - +0 cloak
rCorr   .            (no gloves)
SInv    .            (no boots)
Will    .....        (no amulet)
Stlth   ++           (no ring)
HPRegen 0.24/turn    (no ring)
MPRegen 0.10/turn

%: no passive effects
@: on berserk cooldown, slowed, very slow
A: powered by pain 1, weakness stinger 1
a: no special abilities


You were on level 2 of the Dungeon.
You visited 1 branch of the dungeon, and saw 2 of its levels.

You collected 31 gold pieces.

Inventory:

Hand Weapons
 f - a +0 short sword of freezing (weapon)
Armour
 a - a +0 robe (worn)
 d - a +0 cloak (worn)
Wands
 h - a wand of mindburst (14)
Scrolls
 c - 5 scrolls of identify {unknown}
 i - a scroll of teleportation {unknown}
 j - a scroll of immolation {unknown}
Potions
 b - a potion of magic
 g - a potion of brilliance {unknown}


   Skills:
 * Level 1.1 Fighting
 + Level 2.0 Dodging
 + Level 1.7 Stealth
 + Level 2.3 Spellcasting
 + Level 1.5 Transmutations
 * Level 3.6 Poison Magic


You had 5 spell levels left.
You knew the following spells:

 Your Spells              Type           Power      Damage    Failure   Level
a - Sting                 Tmut/Pois      44%        1d5       6%          1

Your spell library contained the following spells:

 Spells                   Type           Power      Damage    Failure   Level
 Poisonous Vapours        Pois/Air       16%        N/A       12%         2
 Mephitic Cloud           Conj/Pois/Air  6%         N/A       32%         3
 Olgreb's Toxic Radiance  Pois           15%        N/A       36%         4


Dungeon Overview and Level Annotations

Branches:
Dungeon (2/15)

Altars:

Annotations:
D:2 Robin


Innate Abilities, Weirdness & Mutations

You sometimes gain a little power by taking damage.
You have a small tail.


Message History

Robin is heavily wounded.
Robin closely misses you. The goblin barely misses you.
Robin barely misses you. Robin closely misses you.
You are too injured to fight recklessly!
You closely miss the goblin. You hit the goblin but do no damage.
The goblin no longer looks unusually strong.
Robin's horned helmet rattles.
Robin roars a battlecry!
The goblin goes into a battle-frenzy!
A bat comes into view.
The goblin hits you with a +0 club.
* * * LOW HITPOINT WARNING * * *
Robin throws the goblin at you! The adder bites you.
* * * LOW HITPOINT WARNING * * *
The goblin attacks as it pursues you! The goblin misses you.
The goblin hits you with a +0 dagger.
* * * LOW HITPOINT WARNING * * *
The goblin no longer looks unusually strong.
The bat hits you but does no damage. The bat completely misses you.
It was a potion of berserk rage.
A red film seems to cover your vision as you go berserk!
You feel yourself moving faster!
You feel mighty! The bat barely misses you. The adder misses you.
Robin roars a battlecry!
The goblin goes into a battle-frenzy!
The goblin barely misses you.
You feel a strong urge to attack something.
The bat hits you but does no damage.
You feel your anger nearly subside. The bat barely misses you.
The adder attacks as it pursues you! The adder closely misses you.
You are no longer berserk.
You are exhausted.
You feel yourself slow down. The bat attacks as it pursues you!
The bat barely misses you. The bat hits you but does no damage.
The bat barely misses you. Robin throws the goblin at you!
The goblin hits you with a +0 club.
You die...

#..........###### #.###
##...............# #.#
.................###.###
............g..........#
..........g.##.........'
............##.........#
.............'†.........
#......S...##)........#
#.....@b...##.........#
#....g.....##.........#
.......####.##.........#
.#..##.# #.##..........
##. #.# #.##########.. .
#.# #.# #####.. #.#.#
#.######......
#.#.####.............
#....)##.............


You could see Robin, an adder, 2 goblins and a bat.

Vanquished Creatures
  A worm (D:2)
  A dart slug (D:1)
  2 endoplasms (D:1)
  A giant cockroach (D:1)
  15 hobgoblins
  3 jackals (D:2)
  3 quokkas
  2 bats
  5 goblins
  3 kobolds
  2 rats (D:2)
38 creatures vanquished.

Notes
Turn   | Place    | Note
-------+----------+-------------------------------------------
     0 | D:1      | gelatine the Demonspawn Venom Mage began the quest for the
                  | Orb.
     0 | D:1      | Reached XP level 1. HP: 13/13 MP: 3/3
   289 | D:1      | Reached skill level 1 in Transmutations
   289 | D:1      | Gained mutation: You sometimes gain a little power by
                  | taking damage. [demonic ancestry]
   289 | D:1      | Reached XP level 2. HP: 19/19 MP: 0/5
  1327 | D:2      | Gained mutation: You have a small tail. [demonic ancestry]
  1327 | D:2      | Reached XP level 3. HP: 25/25 MP: 2/6
  1476 | D:2      | Reached skill level 1 in Fighting
  1850 | D:2      | Noticed Robin
  1868 | D:2      | HP: 1/26 [goblin/+0 dagger (4)]
  1875 | D:2      | Slain by a goblin

Illustrated notes

Levels and vault maps discovered:
D:1:      mrwooster_arrival_arrow, layout_loops_cross
D:2:      layout_basic, uniq_robin

Skill      XL: |  1  2  3 |
---------------+----------+-----
Transmutations | 1 |  1.5
Dodging        | 2 |  2.0
Fighting       | 1 |  1.1
Stealth        | |  1.7
Spellcasting   | |  2.3
Poison Magic   | |  3.6

Action                     || total
---------------------------++-------
  Melee: Unarmed           ||    10
         Short sword       ||    14
         Tailslap          ||     2
         Punch             ||     1
   Cast: Sting             ||    90
    Use: Potion            ||     1
 Armour: Robe              ||    39
  Dodge: Dodged            ||    49

Table legend: (Time is in decaauts)
 A = Elapsed time spent in this place.
 B = Non-inter-level travel time spent in this place.
 C = Inter-level travel time spent in this place.
 D = Time resting spent in this place.
 E = Time spent auto-exploring this place.
 F = Levels seen in this place.
 G = Mean time per level.
                   A        B        C        D        E       F      G
               +--------+--------+--------+--------+--------+-----+--------+
         Total |   1872 |   1872 |      0 |      0 |   1576 |   2 |  936.0 |
       Dungeon |   1872 |   1872 |      0 |      0 |   1576 |   2 |  936.0 |
               +--------+--------+--------+--------+--------+-----+--------+

Top non-repeatable levels by time:
     D:1: 1276 daAuts
     D:2: 596 daAuts
